3L
NEW AMSTERDAM DUTCHMEN @ HOUSTON 1837 BBC
08/30/2029
 
TOP OF THE 1ST
New Amsterdam Dutchmen batting - Pitching for Houston 1837 BBC : LHP Leslie Brooks
Pitching: LHP Leslie Brooks
Batting: RHB Jon Osterman 0-0: Swinging Strike
0-1: Foul Ball, location: 2F
0-2: Ball
1-2: Foul Ball, location: 2F
1-2: Ball
2-2: Foul Ball, location: 2F
2-2: Strikes out swinging
Batting: RHB John Burton 0-0: Foul Ball, location: 2F
0-1: SINGLE (Line Drive, 89S)
Batting: RHB Enrique Morales 0-0: Foul Ball, location: 2F
0-1: Foul Ball, location: 2F
0-2: Strikes out swinging
John Burton steals 2nd base
Batter strikes out.
Batting: RHB António Pérez 0-0: Foul Ball, location: 2F
0-1: TRIPLE (Line Drive, 89XD)
John Burton scores
Batting: LHB SaQwan Hackett 0-0: Ball
1-0: Foul Ball, location: 2F
1-1: Ball
2-1: Fly out, F2 (Popup, 25F)
Top of the 1st over - 1 run, 2 hits, 0 errors, 1 left on base; New Amsterdam 1 - Houston 0
BOTTOM OF THE 1ST
Houston 1837 BBC batting - Pitching for New Amsterdam Dutchmen : LHP Walt Coffman
Pitching: LHP Walt Coffman
Batting: LHB Damian Delaney 0-0: Ball
1-0: Ground out 5-3 (Groundball, 5)
Batting: LHB Scott Kerin 0-0: Ball
1-0: Ball
2-0: Called Strike
2-1: Foul Ball, location: 2F
2-2: DOUBLE (Line Drive, 7LS)
Batting: RHB John Downing 0-0: SINGLE (Groundball, 56D)
Scott Kerin to third
Runner from 3rd tries for Home, SAFE, no throw
Batting: RHB Bob Dickerson 0-0: Called Strike
0-1: Foul Ball, location: 2F
0-2: Strikes out swinging
Batting: RHB Kumanosuke Abe 0-0: Fielders Choice at 2nd, 6-4 (Groundball, 6)
Bottom of the 1st over - 1 run, 2 hits, 0 errors, 1 left on base; New Amsterdam 1 - Houston 1
TOP OF THE 2ND
New Amsterdam Dutchmen batting - Pitching for Houston 1837 BBC : LHP Leslie Brooks
Batting: RHB Hank Wilder 0-0: Ball
1-0: Fly out, F9 (Flyball, 9S)
Batting: RHB Pablo Ledesma 0-0: Fly out, F8 (Flyball, 8RD)
Batting: RHB Mario Rivera 0-0: Called Strike
0-1: Ball
1-1: Ball
2-1: Ground out U3 (Groundball, 3S)
Top of the 2nd over - 0 runs, 0 hits, 0 errors, 0 left on base; New Amsterdam 1 - Houston 1
BOTTOM OF THE 2ND
Houston 1837 BBC batting - Pitching for New Amsterdam Dutchmen : LHP Walt Coffman
Batting: RHB Lytle Creek 0-0: Ball
1-0: Called Strike
1-1: Ground out 2-3 (Groundball, 15S)
Batting: RHB Rubén Marino 0-0: Foul Ball, location: 2F
0-1: Foul Ball, location: 2F
0-2: Foul Ball, location: 2F
0-2: Ball
1-2: Ground out 4-3 (Groundball, 34)
Batting: RHB Luis Tapia 0-0: Called Strike
0-1: Called Strike
0-2: Ball
1-2: Strikes out swinging
Bottom of the 2nd over - 0 runs, 0 hits, 0 errors, 0 left on base; New Amsterdam 1 - Houston 1
TOP OF THE 3RD
New Amsterdam Dutchmen batting - Pitching for Houston 1837 BBC : LHP Leslie Brooks
Batting: LHB Cornelius Taitt 0-0: Called Strike
0-1: Called Strike
0-2: Ball
1-2: Ball
2-2: Strikes out swinging
Batting: RHB Jon Osterman 0-0: Ball
1-0: Foul Ball, location: 2F
1-1: Swinging Strike
1-2: Ball
2-2: Strikes out swinging
Batting: RHB John Burton 0-0: Ball
1-0: Called Strike
1-1: Swinging Strike
1-2: Foul Ball, location: 2F
1-2: Strikes out looking
Top of the 3rd over - 0 runs, 0 hits, 0 errors, 0 left on base; New Amsterdam 1 - Houston 1
BOTTOM OF THE 3RD
Houston 1837 BBC batting - Pitching for New Amsterdam Dutchmen : LHP Walt Coffman
Batting: RHB Uchino Akahito 0-0: Ball
1-0: Foul Ball, location: 2F
1-1: Called Strike
1-2: Foul Ball, location: 2F
1-2: Ground out 6-3 (Groundball, 6MS)
Batting: LHB Damian Delaney 0-0: Called Strike
0-1: Ball
1-1: Ball
2-1: Ball
3-1: Foul Ball, location: 2F
3-2: Strikes out swinging
Batting: LHB Scott Kerin 0-0: Called Strike
0-1: Swinging Strike
0-2: Fly out, F8 (Flyball, 8RS)
Bottom of the 3rd over - 0 runs, 0 hits, 0 errors, 0 left on base; New Amsterdam 1 - Houston 1
TOP OF THE 4TH
New Amsterdam Dutchmen batting - Pitching for Houston 1837 BBC : LHP Leslie Brooks
Batting: RHB Enrique Morales 0-0: Ball
1-0: Ball
2-0: Called Strike
2-1: Ball
3-1: DOUBLE (Line Drive, 7LM)
Pinch Runner at 2nd David Pérez:
Batting: RHB António Pérez 0-0: Ball
1-0: Fly out, F9 (Flyball, 9D)
Runner from 2nd tags up, SAFE at 3rd, no throw
Batting: LHB SaQwan Hackett 0-0: SINGLE (Groundball, 3D)
David Pérez scores
Batting: RHB Hank Wilder 0-0: Called Strike
0-1: Ball
1-1: Swinging Strike
1-2: Foul Ball, location: 2F
1-2: Ball
2-2: Foul Ball, location: 2F
2-2: Strikes out swinging
Batting: RHB Pablo Ledesma 0-0: Foul Ball, location: 2F
0-1: Foul Ball, location: 2F
0-2: Ground out 4-3 (Groundball, 4)
Top of the 4th over - 1 run, 2 hits, 0 errors, 1 left on base; New Amsterdam 2 - Houston 1
BOTTOM OF THE 4TH
Houston 1837 BBC batting - Pitching for New Amsterdam Dutchmen : LHP Walt Coffman
Now at 2B: David Pérez
Batting: RHB John Downing 0-0: Swinging Strike
0-1: Ball
1-1: Fly out, F5 (Popup, 6S)
Batting: RHB Bob Dickerson 0-0: Called Strike
0-1: Fly out, F9 (Flyball, 89S)
Batting: RHB Kumanosuke Abe 0-0: Ball
1-0: Ball
2-0: Ball
3-0: Called Strike
3-1: Swinging Strike
3-2: Ground out 4-3 (Groundball, 4)
Bottom of the 4th over - 0 runs, 0 hits, 0 errors, 0 left on base; New Amsterdam 2 - Houston 1
TOP OF THE 5TH
New Amsterdam Dutchmen batting - Pitching for Houston 1837 BBC : LHP Leslie Brooks
Batting: RHB Mario Rivera 0-0: Called Strike
0-1: Foul Ball, location: 2F
0-2: Ground out 4-3 (Groundball, 4)
Batting: LHB Cornelius Taitt 0-0: Ball
1-0: Fly out, F7 (Flyball, 7LS)
Batting: RHB Jon Osterman 0-0: Reached on error, E6 (Groundball, 6)
Batting: RHB John Burton 0-0: Ball
1-0: Foul Ball, location: 2F
1-1: Foul Ball, location: 2F
1-2: Strikes out swinging
Top of the 5th over - 0 runs, 0 hits, 1 error, 1 left on base; New Amsterdam 2 - Houston 1
BOTTOM OF THE 5TH
Houston 1837 BBC batting - Pitching for New Amsterdam Dutchmen : LHP Walt Coffman
Batting: RHB Lytle Creek 0-0: Called Strike
0-1: Called Strike
0-2: Ball
1-2: Foul Ball, location: 2F
1-2: Ball
2-2: Foul Ball, location: 2F
2-2: SINGLE (Line Drive, 6MD)
Batting: RHB Rubén Marino 0-0: Ball
1-0: Foul Ball, location: 2F
1-1: Ball
2-1: Fielders Choice at 2nd, 1-6 (Groundball, 13)
Batting: RHB Luis Tapia 0-0: Ball
1-0: Ball
2-0: Called Strike
2-1: Swinging Strike
2-2: Strikes out swinging
Batting: RHB Uchino Akahito 0-0: Ball
1-0: Foul Ball, location: 2F
1-1: Called Strike
1-2: Ball
2-2: Ball
3-2: Ground out 5-3 (Groundball, 5)
Bottom of the 5th over - 0 runs, 1 hit, 0 errors, 1 left on base; New Amsterdam 2 - Houston 1
TOP OF THE 6TH
New Amsterdam Dutchmen batting - Pitching for Houston 1837 BBC : LHP Leslie Brooks
Batting: RHB David Pérez 0-0: Swinging Strike
0-1: Swinging Strike
0-2: Ball
1-2: Ground out 5-3 (Groundball, 56S)
Batting: RHB António Pérez 0-0: Swinging Strike
0-1: Ball
1-1: Swinging Strike
1-2: Fly out, F9 (Flyball, 9D)
Batting: LHB SaQwan Hackett 0-0: Called Strike
0-1: Ball
1-1: Fly out, F7 (Flyball, 7)
Top of the 6th over - 0 runs, 0 hits, 0 errors, 0 left on base; New Amsterdam 2 - Houston 1
BOTTOM OF THE 6TH
Houston 1837 BBC batting - Pitching for New Amsterdam Dutchmen : LHP Walt Coffman
Batting: LHB Damian Delaney 0-0: Called Strike
0-1: Ball
1-1: Swinging Strike
1-2: Strikes out swinging
Batting: LHB Scott Kerin 0-0: Ball
1-0: Ball
2-0: Ground out 4-3 (Groundball, 4)
Batting: RHB John Downing 0-0: Ball
1-0: Called Strike
1-1: Ball
2-1: Swinging Strike
2-2: Strikes out swinging
Bottom of the 6th over - 0 runs, 0 hits, 0 errors, 0 left on base; New Amsterdam 2 - Houston 1
TOP OF THE 7TH
New Amsterdam Dutchmen batting - Pitching for Houston 1837 BBC : LHP Leslie Brooks
Batting: RHB Hank Wilder 0-0: Ball
1-0: Fly out, F7 (Flyball, 78M)
Pitching: RHP Emil Olsson
Batting: RHB Pablo Ledesma 0-0: Foul Ball, location: 2F
0-1: Ball
1-1: Ground out 6-3 (Groundball, 6)
Batting: RHB Mario Rivera 0-0: Called Strike
0-1: Ball
1-1: SINGLE (Line Drive, 5L)
Batting: LHB Cornelius Taitt 0-0: Swinging Strike
0-1: Ball
1-1: Swinging Strike
1-2: Foul Ball, location: 2F
1-2: Strikes out swinging
Top of the 7th over - 0 runs, 1 hit, 0 errors, 1 left on base; New Amsterdam 2 - Houston 1
BOTTOM OF THE 7TH
Houston 1837 BBC batting - Pitching for New Amsterdam Dutchmen : LHP Walt Coffman
Batting: RHB Bob Dickerson 0-0: Called Strike
0-1: Called Strike
0-2: Fly out, F9 (Flyball, 89M)
Batting: RHB Kumanosuke Abe 0-0: Ball
1-0: Foul Ball, location: 2F
1-1: Called Strike
1-2: Ball
2-2: Foul Ball, location: 2F
2-2: Ball
3-2: Strikes out swinging
Batting: RHB Lytle Creek 0-0: Fly out, F8 (Flyball, 78D)
Bottom of the 7th over - 0 runs, 0 hits, 0 errors, 0 left on base; New Amsterdam 2 - Houston 1
TOP OF THE 8TH
New Amsterdam Dutchmen batting - Pitching for Houston 1837 BBC : RHP Emil Olsson
Batting: RHB Jon Osterman 0-0: Called Strike
0-1: Ball
1-1: Called Strike
1-2: Foul Ball, location: 2F
1-2: Foul Ball, location: 2F
1-2: Reached on error, E5 (Groundball, 56)
Batting: RHB John Burton 0-0: Ball
Wild Pitch!
Jon Osterman to second
1-0: Intentional Walk
Pinch Hitting: LHB Félix López 0-0: Foul Ball, location: 2F
0-1: Ball
1-1: Foul Ball, location: 2F
1-2: Ball
2-2: Foul Ball, location: 2F
2-2: Grounds into double play, 5-4-3 (Groundball, 56)
Jon Osterman to third
Batting: RHB António Pérez 0-0: Ball
1-0: Called Strike
1-1: 2-RUN HOME RUN (Line Drive, 9D), Distance : 397 ft
Pitching: RHP Mike Farrell
Batting: LHB SaQwan Hackett 0-0: Ball
1-0: Called Strike
1-1: Ground out 5-3 (Groundball, 56)
Top of the 8th over - 2 runs, 1 hit, 1 error, 0 left on base; New Amsterdam 4 - Houston 1
BOTTOM OF THE 8TH
Houston 1837 BBC batting - Pitching for New Amsterdam Dutchmen : LHP Walt Coffman
Now at 2B: Omar Schuler
Batting: RHB Rubén Marino 0-0: Ball
1-0: Swinging Strike
1-1: Swinging Strike
1-2: Fly out, F8 (Flyball, 8RM)
Batting: RHB Luis Tapia 0-0: Ball
1-0: Ball
2-0: Foul Ball, location: 2F
2-1: Ball
3-1: Fly out, F8 (Flyball, 8RD)
Batting: RHB Uchino Akahito 0-0: Fly out, F8 (Flyball, 8LS)
Bottom of the 8th over - 0 runs, 0 hits, 0 errors, 0 left on base; New Amsterdam 4 - Houston 1
TOP OF THE 9TH
New Amsterdam Dutchmen batting - Pitching for Houston 1837 BBC : RHP Mike Farrell
Batting: RHB Hank Wilder 0-0: Ball
1-0: Ball
2-0: Foul Ball, location: 2F
2-1: Swinging Strike
2-2: Ball
3-2: Ground out 4-3 (Groundball, 4)
Batting: RHB Pablo Ledesma 0-0: Called Strike
0-1: Called Strike
0-2: Ball
1-2: SINGLE (Groundball, 34D)
Batting: RHB Mario Rivera 0-0: Ball
1-0: Called Strike
1-1: Called Strike
1-2: Ball
2-2: Fly out, F8 (Line Drive, 8LD)
Batting: LHB Cornelius Taitt 0-0: Fly out, F8 (Flyball, 8LS)
Top of the 9th over - 0 runs, 1 hit, 0 errors, 1 left on base; New Amsterdam 4 - Houston 1
BOTTOM OF THE 9TH
Houston 1837 BBC batting - Pitching for New Amsterdam Dutchmen : LHP Walt Coffman
Batting: LHB Damian Delaney 0-0: Called Strike
0-1: Ball
1-1: Ball
2-1: Reached on error, E5 (Groundball, 56)
Pitching: RHP Glenn Butler
Batting: LHB Scott Kerin 0-0: Foul Ball, location: 2F
0-1: Foul Ball, location: 2F
0-2: Strikes out swinging
Batting: RHB John Downing 0-0: Fly out, F9 (Flyball, 89M)
Batting: RHB Bob Dickerson 0-0: Ball
1-0: Ball
2-0: Fly out, F7 (Flyball, 7LSF)
Bottom of the 9th over - 0 runs, 0 hits, 1 error, 1 left on base; New Amsterdam 4 - Houston 1
Tuesday, December 19th, 2017 - OOTP Baseball 18.8 Build 76